 Dungeon Crawl Stone Soup version 0.30-a0-696-g2367cd04db (webtiles) character file.

Game seed: 12324890208594681330

631 omnomnOMINOUS the Ducker (level 7, -1/48 HPs)
             Began as an Octopode Wanderer on Jan 20, 2023.
             Was an Initiate of Yredelemnul.
             Killed by divine providence
             ... invoked by an orc priest
              (16 damage)
             ... on level 5 of the Dungeon.
             The game lasted 00:05:14 (3147 turns).

omnomnOMINOUS the Ducker (Octopode Wanderer)        Turns: 3147, Time: 00:05:15

Health: -1/48      AC:  1    Str: 10    XL:     7   Next: 48%
Magic:  12/12      EV: 14    Int: 16    God:    Yredelemnul [......]
Gold:   171        SH:  0    Dex: 13    Spells: 11/13 levels left

rFire   . . .      SeeInvis .    a - +0 spear
rCold   . . .      Faith    .    (no shield)
rNeg    . . .      Spirit   .    (helmet restricted)
rPois   .          Reflect  .    (no amulet)
rElec   .          Harm     .    (no ring)
rCorr   .          Rampage  .    (no ring)
Will    .....                    (no ring)
Stlth   ++                       (no ring)
HPRegen 0.28/turn                (no ring)
MPRegen 0.13/turn                (no ring)
                                 (no ring)
                                 (no ring)

@: confused
A: almost no armour, amphibious, 8 rings, camouflage 1, gelatinous body 1,
(nimble swimmer 1), tentacles
a: Renounce Religion, Recall Undead Harvest


You were on level 5 of the Dungeon.
You worshipped Yredelemnul.
Yredelemnul was noncommittal.
You visited 1 branch of the dungeon, and saw 5 of its levels.

You collected 171 gold pieces.

Inventory:

Hand Weapons
 a - a +0 spear (weapon)
 m - a +1 dagger of speed
Missiles
 k - a throwing net
Wands
 d - a wand of flame (6) (quivered)
 w - a wand of light (8)
Scrolls
 c - 3 scrolls of fear
 g - 3 scrolls of teleportation {unknown}
 j - 3 scrolls of amnesia {unknown}
 l - 2 scrolls of identify {unknown}
 n - a scroll of brand weapon {unknown}
 o - a scroll of noise {unknown}
 q - a scroll of enchant armour {unknown}
 s - 3 scrolls of enchant weapon {unknown}
 y - a scroll of torment {unknown}
Potions
 b - 4 potions of haste
 e - a potion of berserk rage
 f - 2 potions of heal wounds {unknown}
 h - a potion of might
 i - a potion of resistance {unknown}
 p - 2 potions of cancellation {unknown}
 r - a potion of ambrosia {unknown}
 t - a potion of lignification {unknown}
 u - 2 potions of curing {unknown}
 v - a potion of mutation {unknown}
 x - a potion of invisibility {unknown}
 z - a potion of attraction {unknown}


   Skills:
 + Level 4.1 Fighting
 - Level 1.3 Polearms
 + Level 4.3 Dodging
 - Level 1.3 Stealth
 - Level 4.0 Unarmed Combat
 + Level 3.7 Spellcasting
 + Level 1.7 Translocations
 - Level 3.2 Evocations


You had 11 spell levels left.
You knew the following spells:

 Your Spells              Type           Power      Damage    Failure   Level
a - Blink                 Tloc           16%        N/A       13%         2

Your spell library contained the following spells:

 Spells                   Type           Power      Damage    Failure   Level
 Lesser Beckoning         Tloc           16%        N/A       13%         2
 Momentum Strike          Conj/Tloc      10%        3d8       19%         2


Dungeon Overview and Level Annotations

Branches:
Dungeon (5/15)             Temple (0/1) D:5

Altars:
Hepliaklqana
Wu Jian
Yredelemnul

Shops:
D:2 ?


Innate Abilities, Weirdness & Mutations

You cannot wear most types of armour.
You are amphibious.
You can wear up to eight rings at the same time.
Your skin changes colour to match your surroundings (Stealth+).
Your rubbery body absorbs attacks. (AC +1, EV +1)
((You are camouflaged when in or above water. (Stealth+)))
You have tentacles for arms and can constrict up to eight enemies at once.


Message History

You see here 5 boomerangs.
HP restored.
There is a stone staircase leading down here.
You climb downwards.
There is a stone staircase leading up here.
An orc wizard comes into view. It is wielding a +0 dagger.
An orc wizard is nearby!
An orc comes into view. It is wielding a +0 hand axe.
The orc wizard shouts!
You hear a shout!
The orc shouts!
You hear a shout!
An orc comes into view. It is wielding a +0 whip.
You hit the orc wizard. Your grab misses the orc wizard.
The orc wizard is moderately wounded.
The orc wizard gestures wildly while chanting.
The orc wizard flickers and vanishes!
Deactivating autopickup; reactivate with Ctrl-A.
You barely miss something. You squeeze something.
You hear some strange, mumbled words.
You are confused.
You bump into the rock wall.
Something hits you.
You miss something. Your squeeze misses something. Something hits you.
You hear some strange, mumbled words.
You are more confused.
Something barely misses you.
You miss something. Your squeeze misses something. Something barely misses you.
You closely miss something. Your squeeze misses something.
You hear some strange, mumbled words.
A magic dart appears from out of thin air!
The magic dart hits you!
You bump into the rock wall.
Something hits you.
You bump into the rock wall.
Something hits you.
You bump into the rock wall.
An orc priest comes into view. It is wielding a +0 short sword.
Something hits you.
You miss something. Something hits you.
The orc priest mumbles some strange prayers to Beogh against you.
Beogh smites you!
The orc priest mumbles some strange prayers to Beogh against you.
Beogh smites you!
You die...
Your body rises from the dead as a mindless zombie.

.... o.. ...
..# #o# #o#
#{# #@#
#####.#####
#.........#
#........<#
............#
###.........#
###########


You could see an orc priest and 2 orcs.

Vanquished Creatures
  Grinder (D:3)
  A centaur (D:4)
  Crazy Yiuf (D:3)
  Jessica (D:2)
  Natasha (twice) (D:4)
  3 gnolls (D:2)
  An adder (D:2)
  2 dart slugs (D:1)
  9 bats
  5 endoplasms
  2 giant cockroaches
  3 goblins
  6 hobgoblins
  5 jackals
  5 kobolds
  4 ball pythons
  5 frilled lizards
  5 rats
61 creatures vanquished.

Vanquished Creatures (collateral kills)
  A phantom (D:4)
  Natasha (D:4)
  A gnoll (D:2)
  An adder (D:4)
  A worm (D:2)
  A dart slug (D:1)
  An orc (D:4)
  A bat (D:2)
  An endoplasm (D:2)
  2 goblins (D:2)
  A jackal (D:2)
  A kobold (D:2)
  A quokka (D:2)
  A ball python (D:4)
  2 rats
17 creatures vanquished.

Vanquished Creatures (others)
  A worm zombie (D:2)
  3 bat zombies
  A ball python zombie (D:2)
  An endoplasm zombie (D:3)
  2 frilled lizard zombies
  4 jackal zombies (D:2)
  2 kobold zombies
  A rat zombie (D:2)
15 creatures vanquished.

Grand Total: 93 creatures vanquished

Notes
Turn   | Place    | Note
-------+----------+-------------------------------------------
     0 | D:1      | omnomnOMINOUS the Octopode Wanderer began the quest for the
                  | Orb.
     0 | D:1      | omnomnOMINOUS set off with the following items: a +0 spear,
                  | a potion of haste, a scroll of fear, a wand of flame (6), a
                  | potion of berserk rage.
     0 | D:1      | Reached XP level 1. HP: 11/11 MP: 1/1
    99 | D:1      | Reached XP level 2. HP: 18/18 MP: 2/2
   264 | D:1      | Found a faded altar of an unknown god.
   271 | D:1      | Prayed at the altar of an unknown god.
   271 | D:1      | Became a worshipper of Yredelemnul the Dark
   271 | D:1      | Reached * piety under Yredelemnul
   288 | D:1      | Reached skill level 1 in Fighting
   426 | D:1      | Reached skill level 1 in Spellcasting
   475 | D:1      | Reached XP level 3. HP: 18/23 MP: 4/4
   748 | D:2      | Found Hainer's Magic Scroll Emporium.
   845 | D:2      | Reached XP level 4. HP: 9/29 MP: 6/6
   853 | D:2      | HP: 1/29 [kobold/+0 whip (5)]
  1019 | D:2      | Found a hazy altar of Hepliaklqana.
  1022 | D:2      | Noticed Jessica
  1030 | D:2      | Killed Jessica
  1031 | D:2      | Reached XP level 5. HP: 35/35 MP: 8/8
  1147 | D:2      | Reached ** piety under Yredelemnul
  1731 | D:3      | Noticed Grinder
  1751 | D:3      | Killed Grinder
  1752 | D:3      | Reached XP level 6. HP: 12/42 MP: 7/10
  2016 | D:3      | Found an ornate altar of the Wu Jian Council.
  2045 | D:3      | Learned a level 2 spell: Blink
  2138 | D:3      | Found a runed translucent door.
  2139 | D:3      | Noticed Crazy Yiuf
  2154 | D:3      | Killed Crazy Yiuf
  2460 | D:4      | Reached skill level 1 in Translocations
  2460 | D:4      | Reached XP level 7. HP: 9/47 MP: 10/12
  2626 | D:4      | Noticed Natasha
  2633 | D:4      | Killed Natasha
  2848 | D:4      | Noticed Natasha
  2857 | D:4      | Killed Natasha
  2953 | D:4      | Noticed Natasha
  2964 | D:4      | Killed Natasha
  3085 | D:5      | Entered Level 5 of the Dungeon
  3085 | D:5      | Found a staircase to the Ecumenical Temple.
  3147 | D:5      | Killed from afar by an orc priest

Illustrated notes

Levels and vault maps discovered:
D:1:      dpeg_arrival_oval, layout_basic,
          dreamdust_ecumenical_altar_angels_and_demons, minivault_27
D:2:      layout_rooms, basic_altar, serial_shops,
          nicolae_shop_advertising_works [nicolae_subvault_shop_adworks],
          uniq_jessica
D:3:      layout_loops_ring, nicolae_wu_jian_wuxing_cycle,
          uniq_crazy_yiuf_cottage, uniq_grinder
D:4:      layout_basic, uniq_natasha
D:5:      layout_rooms, nicolae_hepliaklqana_hazy_memory,
          minmay_temple_entry_slanted

Skill      XL: |  1  2  3  4  5  6  7 |
---------------+----------------------+-----
Fighting       | 1 2 3 4 |  4.1
Spellcasting   | 1 2 3 |  3.7
Dodging        | 2 3 4 |  4.3
Translocations | 1 |  1.7
Polearms       | |  1.3
Stealth        | |  1.3
Unarmed Combat | |  4.0
Evocations     | |  3.2

Action                   |  1- 3 |  4- 6 |  7- 9 || total
-------------------------+-------+-------+-------++-------
Melee: Spear             |    95 |    81 |    41 ||   217
       Constrict         |    16 |    12 |     2 ||    30
       Tentacles         |    13 |    12 |     6 ||    31
       Punch             |     2 |     2 |     1 ||     5
Invok: Recall Undead Har |       |     3 |     1 ||     4
  Use: Scroll            |       |     1 |       ||     1
       Potion            |       |     1 |       ||     1
 Stab: Sleeping          |    13 |     6 |     2 ||    21
       Distracted        |     1 |     1 |       ||     2
Armor: Skin              |     5 |     3 |     1 ||     9
Dodge: Dodged            |    48 |    43 |    17 ||   108

Table legend: (Time is in decaauts)
 A = Elapsed time spent in this place.
 B = Non-inter-level travel time spent in this place.
 C = Inter-level travel time spent in this place.
 D = Time resting spent in this place.
 E = Time spent auto-exploring this place.
 F = Levels seen in this place.
 G = Mean time per level.
                   A        B        C        D        E       F      G
               +--------+--------+--------+--------+--------+-----+--------+
         Total |   3161 |   3042 |    119 |    234 |   2213 |   5 |  632.2 |
       Dungeon |   3161 |   3042 |    119 |    234 |   2213 |   5 |  632.2 |
               +--------+--------+--------+--------+--------+-----+--------+

Top non-repeatable levels by time:
     D:3: 942 daAuts
     D:4: 876 daAuts
     D:1: 722 daAuts
     D:2: 596 daAuts
     D:5: 23 daAuts
